 Dungeon Crawl Stone Soup version 0.31-a0-803-g95b03c3367 (webtiles) character file.

Game seed: 15576565883522567368

115 wazuzu the Insei (level 5, -2/33 HPs)
             Began as an Octopode Shapeshifter on Sept 20, 2023.
             Was a Believer of Ru.
             Slain by a gnoll
             ... wielding a +0 spear
             ... led by a gnoll bouda
              (6 damage)
             ... on level 4 of the Dungeon.
             The game lasted 00:04:18 (2707 turns).

wazuzu the Insei (Octopode Shapeshifter)            Turns: 2707, Time: 00:04:20

Health: -2/33      AC:  1    Str: 13    XL:     5   Next: 0%
Magic:  5/5        EV: 13    Int: 12    God:    Ru [**....]
Gold:   211        SH:  0    Dex: 14    Spells: 4/4 levels left

rFire   + .          .
                       - Unarmed
rCold   . . .        (no shield)
rNeg    . . .        (helmet currently unavailable)
rPois   .            (no amulet)
rElec   .            i - ring of protection from fire
rCorr   .            (no ring)
SInv    .            (no ring)
Will    .....        (no ring)
Stlth   ++           (no ring)
HPRegen 0.25/turn    (no ring)
MPRegen 0.09/turn    (no ring)
                     (no ring)

%: no passive effects
@: beast-form, weakened
A: beast (slay +1), almost no armour, amphibious, 8 rings, camouflage 1,
gelatinous body 1, inability to use devices, (nimble swimmer 1), tentacles
a: Begin Untransformation, Renounce Religion


You were on level 4 of the Dungeon.
You worshipped Ru.
Ru was pleased with you.
You were a hulking beast.
You visited 1 branch of the dungeon, and saw 4 of its levels.

You collected 211 gold pieces.


Innate Abilities, Weirdness & Mutations

You are a hulking beast.
Your limbs bulge with bestial killing power. (Slay +1)
You cannot wear most types of armour.
You are amphibious.
You can wear up to eight rings at the same time.
Your skin changes colour to match your surroundings (Stealth+).
Your rubbery body absorbs attacks. (AC +1, EV +1)
You cannot study or use magical devices.
((You are camouflaged when in or above water. (Stealth+)))
You have tentacles for arms and can constrict up to eight enemies at once.


   Skills:
 - Level 1.0 Fighting
 - Level 2.0 Dodging
 + Level 5.5 Unarmed Combat
 - Level 3.0 Shapeshifting


You had 4 spell levels left.
You didn't know any spells.
Your spell library contained the following spells:

 Spells                   Type           Power      Damage    Failure   Level
 Blink                    Tloc           0%         N/A       45%         2
 Manifold Assault         Tloc           0%         N/A       97%         4


Dungeon Overview and Level Annotations

Branches:
Dungeon (4/15)
 Temple: D:4-7

Altars:
Hepliaklqana
Ru
Uskayaw
The Shining One

Shops:
D:2 :

Inventory:

Jewellery
 i - a ring of protection from fire (left tentacle)
 q - a ring of wizardry
Talismans
 b - a beast talisman (active)
 c - a flux talisman
Scrolls
 e - a scroll of teleportation {unknown}
 f - 2 scrolls of enchant armour {unknown}
 g - a scroll of fear {unknown}
 j - 2 scrolls of identify {unknown}
 k - a scroll of revelation {unknown}
 l - a scroll of blinking {unknown}
 o - a scroll of silence {unknown}
 r - a scroll of amnesia {unknown}
Potions
 a - a potion of lignification
 d - a potion of berserk rage {unknown}
 h - a potion of ambrosia {unknown}
 m - a potion of enlightenment {unknown}
 n - 2 potions of mutation {unknown}
 p - a potion of brilliance {unknown}
 s - a potion of might {unknown}

#................
......#...............
......#............... #
.......##......g........
.......###....#.###.(...
........#.....#g# .... #
#.......g.#K## .o..? #
#.........g..#......
#####.........#gh.......
...##.........##........
...................<....
###.[.........###.......
####..........# #......
..............# ####..
...######..#### # ..##
#..# ..# ..#


You could see a gnoll bouda, 3 gnolls, an orc (wandering), a hobgoblin and a
kobold.


Message History

s - a lumpy emerald potion A hobgoblin comes into view.
You tentacle-slap the hobgoblin.
The hobgoblin is almost dead.
The hobgoblin hits you.
You tentacle-slap the hobgoblin.
You kill the hobgoblin!
No target in view!
Found a robe.
You now have 211 gold pieces (gained 12).
An endoplasm comes into view.
An endoplasm is nearby!
The endoplasm freezes you.
You are frozen.
You barely miss the endoplasm. You squeeze the endoplasm.
The endoplasm is almost dead.
The endoplasm freezes you.
You are frozen.
You tentacle-slap the endoplasm but do no damage.
You squeeze the endoplasm.
You kill the endoplasm!
You have reached level 5!
You feel agile.
A kobold comes into view. It is wielding a +0 club.
A kobold is nearby!
Found 9 gold pieces.
Found a stone staircase leading up.
Found a war axe.
A gnoll comes into view. It is wielding a +0 spear.
Found 2 poisoned darts.
The gnoll shouts!
You hear an angry hiss.
A gnoll comes into view. It is wielding a +0 halberd.
A gnoll bouda, a gnoll and a kobold come into view.
The gnoll is wielding a +2 flail of protection.
The kobold shouts! x2
The kobold throws a stone.
The stone hits you.
The gnoll shouts! x2; The gnoll bouda shouts!
The kobold barely misses you.
A hobgoblin comes into view.
The kobold throws a stone.
The stone hits you.
The hobgoblin shouts!
The kobold throws a stone.
The stone closely misses you.
The stone closely misses the hobgoblin.
The gnoll bouda gazes fiercely through you!
You feel your attacks grow feeble. The gnoll attacks as it pursues you!
The gnoll hits you from afar with a +0 spear!
You hear an angry hiss.
The gnoll bouda begins to pray, but is stunned by your conviction!
The hobgoblin misses you. The gnoll attacks as it pursues you!
The gnoll hits you from afar with a +0 spear.
The gnoll bouda barks out a call to the hunt!
The gnolls pick up the pace!
The hobgoblin barely misses you. The gnoll attacks as it pursues you!
The gnoll hits you from afar with a +0 spear!
* * * LOW HITPOINT WARNING * * *
The hobgoblin attacks as it pursues you!
The hobgoblin closely misses you.
The gnoll bouda gazes fiercely through you!
You feel as though you will be weak longer.
The gnoll hits you from afar with a +0 spear.
* * * LOW HITPOINT WARNING * * *
An orc comes into view. It is wielding a +0 club.
Found a scroll labelled HIAS RIESTRUNUC.
The hobgoblin attacks as it pursues you!
The hobgoblin hits you.
* * * LOW HITPOINT WARNING * * *
The gnoll attacks as it pursues you!
The gnoll hits you from afar with a +0 spear.
You die...

Action                     |  1- 3 |  4- 6 || total
---------------------------+-------+-------++-------
  Melee: Unarmed           |    44 |    41 ||    85
         Constrict         |    14 |    14 ||    28
         Tentacles         |     6 |     7 ||    13
         Punch             |     3 |     3 ||     6
 Invoke: Sacrifice Artific |     1 |       ||     1
   Stab: Sleeping          |     7 |     3 ||    10
 Armour: Skin              |    14 |    18 ||    32
  Dodge: Dodged            |    23 |    21 ||    44

Levels and vault maps discovered:
D:1:      dpeg_arrival_ternary, layout_loops_corners,
          hellmonk_ecumenical_altar_arch_garden, minmay_circled_x
D:2:      layout_loops_corners, serial_shops,
          nicolae_shop_pleasant_corner_grove, basic_altar, uniq_jessica
D:3:      layout_basic, eat_drink_and_be_merry_uskayaw, marbit_many_paths
D:4:      layout_rooms, temple_doors_e

Notes
Turn   | Place    | Note
-------+----------+-------------------------------------------
     0 | D:1      | wazuzu the Octopode Shapeshifter began the quest for the
                  | Orb.
     0 | D:1      | Reached XP level 1. HP: 13/13 MP: 1/1
   266 | D:1      | Reached XP level 2. HP: 18/18 MP: 2/2
   347 | D:1      | Found a faded altar of an unknown god.
   357 | D:1      | Prayed at the altar of an unknown god.
   357 | D:1      | Became a worshipper of Ru the Awakened
   362 | D:1      | Gained mutation: You cannot study or use magical devices.
                  | [Ru sacrifice]
   362 | D:1      | Reached * piety under Ru
   362 | D:1      | Reached ** piety under Ru
   868 | D:2      | Found a hazy altar of Hepliaklqana.
   884 | D:2      | Found Uneuvezorch's Book Shop.
   938 | D:2      | Reached skill level 4 in Unarmed Combat
   938 | D:2      | Reached XP level 3. HP: 14/23 MP: 3/3
  1067 | D:2      | Identified the +4 hand axe of Yjan {speed, rC+ Int+3}
  1504 | D:2      | Noticed Jessica
  1510 | D:2      | Killed Jessica
  1511 | D:2      | Reached XP level 4. HP: 18/28 MP: 4/4
  2007 | D:3      | Reached skill level 5 in Unarmed Combat
  2374 | D:3      | Found a hide-covered altar of Uskayaw.
  2512 | D:3      | Found a glowing golden altar of the Shining One.
  2670 | D:4      | Reached XP level 5. HP: 25/33 MP: 5/5
  2706 | D:4      | HP: 7/33 [gnoll/+0 spear[a gnoll bouda] (5)]
  2707 | D:4      | Slain by a gnoll

Vanquished Creatures
  Jessica (D:2)
  4 adders
  A dart slug (D:3)
  4 orcs (D:3)
  5 endoplasms
  2 giant cockroaches (D:1)
  5 hobgoblins
  3 kobolds
  2 quokkas
  9 ball pythons
  3 bats
  4 frilled lizards
  A goblin (D:2)
  6 rats
50 creatures vanquished.

Vanquished Creatures (others)
  A kobold (D:2)
1 creature vanquished.

Grand Total: 51 creatures vanquished
